 Dungeon Crawl Stone Soup version 0.27-a0-1287-gca74d27 (webtiles) character file.

Game seed: 18361204222691510515

631 HDogLeCool the Skirmisher (level 7, -1/79 HPs)
             Began as an Ogre Berserker on June 14, 2021.
             Was a Believer of Trog.
             Slain by a gnoll (6 damage)
             ... on level 4 of the Dungeon.
             The game lasted 00:11:11 (4625 turns).

HDogLeCool the Skirmisher (Ogre Berserker)          Turns: 4625, Time: 00:11:11

Health: -1/79      AC:  3    Str: 24    XL:     7   Next: 48%
Magic:  7/7        EV: 10    Int:  8    God:    Trog [**....]
Gold:   127        SH:  0    Dex:  8    Spells: 6/6 levels left

rFire    . . .     SeeInvis .   a - +0 hand axe
rCold    . . .     Faith    .   (no shield)
rNeg     . . .     Spirit   .   b - +0 animal skin
rPois    .         Reflect  .   (helmet restricted)
rElec    .         Harm     .   (no cloak)
rCorr    .         Rampage  .   (gloves unavailable)
Will     ++...                  (boots unavailable)
Stlth    +.........             (no amulet)
HPRegen  1.23/turn              (no ring)
MPRegen  0.10/turn              (no ring)

@: strong-willed, on berserk cooldown, regenerating
A: large, unfitting armour, tough skin 1
a: Renounce Religion, Berserk, Trog's Hand


You were on level 4 of the Dungeon.
You worshipped Trog.
Trog was pleased with you.
You visited 1 branch of the dungeon, and saw 4 of its levels.
You also visited: Sewer.

You collected 163 gold pieces.
You spent 36 gold pieces at shops.

Inventory:

Hand Weapons
 a - a +0 hand axe (weapon)
 i - a +1 dagger of protection
 k - a +2 short sword of draining
 s - a +2 short sword of electrocution
 w - a +0 hand crossbow
Missiles
 u - 15 poisoned darts (quivered)
 v - 2 curare-tipped darts
 x - 15 bolts
Armour
 b - a +0 animal skin (worn)
Jewellery
 r - a ring of fire
Scrolls
 c - 2 scrolls of identify {unknown}
 f - 2 scrolls of torment {unknown}
 g - a scroll of summoning {unknown}
 h - a scroll of magic mapping {unknown}
 j - 2 scrolls of fear {unknown}
 m - a scroll of teleportation {unknown}
 p - a scroll of holy word {unknown}
 t - a scroll of blinking {unknown}
Potions
 d - 4 potions of curing
 e - 2 potions of heal wounds {unknown}
 l - a potion of flight {unknown}
 n - 2 potions of cancellation {unknown}
 o - a potion of lignification {unknown}
 q - a potion of might {unknown}
 z - a potion of resistance {unknown}


   Skills:
 * Level 7.6 Fighting
 * Level 5.8 Axes
 + Level 4.1 Dodging


You had 6 spell levels left.
You didn't know any spells.
Your spell library was empty.

Dungeon Overview and Level Annotations

Branches:
Dungeon (4/15)              Sewer (visited)
 Temple: D:4-7

Altars:
Wu Jian

Shops:
D:3 !:


Innate Abilities, Weirdness & Mutations

You are too large for most types of armour.
You have tough skin. (AC +1)


Message History

Okay, then.
The gnoll hits you with a +0 spear.
* * * LOW HITPOINT WARNING * * *
You feel better.
The gnoll hits you with a +1 whip of freezing.
The gnoll freezes you. The gnoll closely misses you.
The gnoll hits you with a +1 whip of freezing.
* * * LOW HITPOINT WARNING * * *
The gnoll freezes you.
* * * LOW HITPOINT WARNING * * *
The gnoll hits you with a +0 spear.
* * * LOW HITPOINT WARNING * * *
You feel better.
You feel yourself speed up.
The gnoll hits you with a +1 whip of freezing.
* * * LOW HITPOINT WARNING * * *
The gnoll freezes you.
* * * LOW HITPOINT WARNING * * *
The gnoll hits you with a +0 spear.
* * * LOW HITPOINT WARNING * * *
Your skin crawls.
You feel strong-willed.
The gnoll hits you with a +1 whip of freezing.
* * * LOW HITPOINT WARNING * * *
The gnoll freezes you.
* * * LOW HITPOINT WARNING * * *
The gnoll hits you with a +0 spear.
* * * LOW HITPOINT WARNING * * *
You feel better. The gnoll barely misses you.
The gnoll hits you with a +0 spear.
* * * LOW HITPOINT WARNING * * *
You hit the gnoll.
The gnoll is moderately wounded.
You hit the gnoll but do no damage.
The gnoll hits you with a +1 whip of freezing!
* * * LOW HITPOINT WARNING * * *
The gnoll freezes you.
* * * LOW HITPOINT WARNING * * *
The gnoll hits you with a +0 spear.
You die...

#......#...#.....#
#......#...##....#
#......#...####'##
#####'##...#.....#
#.....g...'.....#
#....#######....#
#....#.....#....#
##g####.....#....#
#.g@........#....'.
#...........#....#..
#......######....#..
#......# ....#
#......# #......#
#......# #......#


You could see 2 gnolls.

Vanquished Creatures
  A sky beast (D:3)
  A phantom (D:3)
  3 kobold brigands (Sewer)
  A scorpion (D:4)
  An iguana (D:2)
  6 adders
  2 river rats
  An ufetubus (D:4)
  4 worms
  A dart slug (D:1)
  5 orcs
  7 endoplasms
  5 giant cockroaches
  3 goblins
  4 hobgoblins
  2 jackals (D:2)
  18 kobolds
  5 quokkas
  10 ball pythons
  A bat (D:1)
  A frilled lizard (D:2)
  7 rats
89 creatures vanquished.

Notes
Turn   | Place    | Note
-------+----------+-------------------------------------------
     0 | D:1      | HDogLeCool the Ogre Berserker began the quest for the Orb.
     0 | D:1      | Reached XP level 1. HP: 24/24 MP: 1/1
   155 | D:1      | Found a faded altar of an unknown god.
   348 | D:1      | Reached XP level 2. HP: 32/32 MP: 2/2
   908 | D:1      | Reached XP level 3. HP: 35/40 MP: 3/3
  1120 | D:2      | Found an ornate altar of the Wu Jian Council.
  1133 | D:2      | Reached skill level 5 in Fighting
  1133 | D:2      | Reached XP level 4. HP: 49/50 MP: 4/4
  1603 | D:2      | Reached ** piety under Trog
  1902 | D:3      | Found Axtueq's Book Boutique.
  1936 | D:3      | Noticed a phantom
  1944 | D:3      | Killed a phantom
  1945 | D:3      | Reached XP level 5. HP: 59/59 MP: 5/5
  1947 | D:3      | Noticed a sky beast
  2001 | D:3      | Killed a sky beast
  2002 | D:3      | Reached skill level 6 in Fighting
  2002 | D:3      | Reached XP level 6. HP: 45/68 MP: 6/6
  2649 | D:3      | Found Vegidud's Distillery.
  2656 | D:3      | Bought a potion of curing for 36 gold pieces
  2968 | D:4      | Found a glowing drain.
  2978 | D:4      | Reached skill level 5 in Axes
  3007 | Sewer    | Entered a sewer
  3746 | Sewer    | Reached skill level 7 in Fighting
  3776 | Sewer    | Reached XP level 7. HP: 78/78 MP: 7/7
  4625 | D:4      | Slain by a gnoll

Illustrated notes

Levels and vault maps discovered:
D:1:      ncdulo_smallfort, layout_rooms, hellmonk_ecumenical_altar_arch_garden,
          minmay_tetromino_l2
D:2:      layout_rooms, basic_altar
D:3:      layout_basic, serial_shops, shop, nicolae_shop_window_shopping,
          chequers_serial_rivers_micro_c, serial_park_tiny_2,
          kennysheep_generic_room_16
D:4:      layout_gridville, portal_sewer_entry_a, supply_closet_lemuel,
          uniq_pikel

Skill      XL: |  1  2  3  4  5  6 |
---------------+-------------------+-----
Dodging        | 3 4 |  4.1
Fighting       | 5 6 7 |  7.6
Axes           | 4 5 |  5.8

Action                   |  1- 3 |  4- 6 |  7- 9 || total
-------------------------+-------+-------+-------++-------
Melee: Hand axe          |    80 |   143 |    82 ||   305
       Short sword       |       |    16 |       ||    16
Invok: Berserk           |     1 |     6 |     2 ||     9
       Trog's Hand       |       |       |     2 ||     2
  Use: Potion            |       |       |     3 ||     3
Armor: Animal skin       |    22 |    32 |    15 ||    69
Dodge: Dodged            |    35 |    58 |    42 ||   135

Table legend: (Time is in decaauts)
 A = Elapsed time spent in this place.
 B = Non-inter-level travel time spent in this place.
 C = Inter-level travel time spent in this place.
 D = Time resting spent in this place.
 E = Time spent auto-exploring this place.
 F = Levels seen in this place.
 G = Mean time per level.
                   A        B        C        D        E       F      G
               +--------+--------+--------+--------+--------+-----+--------+
         Total |   4921 |   4829 |     92 |   1562 |   2301 |   5 |  984.2 |
       Dungeon |   3226 |   3134 |     92 |   1012 |   1517 |   4 |  806.5 |
         Sewer |   1695 |   1695 |      0 |    550 |    783 |   1 | 1695.0 |
               +--------+--------+--------+--------+--------+-----+--------+

Top non-repeatable levels by time:
   Sewer: 1695 daAuts
     D:3: 1135 daAuts
     D:1: 935 daAuts
     D:2: 895 daAuts
     D:4: 258 daAuts
